 Dungeon Sprint DCSS version 0.23.2 (webtiles) character file.

Game seed: 3823138826948696897

111 MartialLaw the Shield-Bearer (level 4, 0/45 HPs)
             Began as a Minotaur Fighter on Mar 31, 2019.
             Slain by a sun demon (9 damage)
             ... summoned by a kobold demonologist
             ... in the Dungeon (Sprint III: "The Ten Rune Challenge").
             The game lasted 00:01:20 (659 turns).

MartialLaw the Shield-Bearer (Minotaur Fighter)      Turns: 659, Time: 00:01:20

Health: 0/45       AC:  7    Str: 21    XL:     4   Next: 62%
Magic:  3/3        EV:  8    Int:  5    God:
Gold:   24         SH: 10    Dex: 10    Spells: 3/3 levels left

rFire    . . .     SeeInvis .   a - +0 long sword
rCold    . . .     Gourm    .   c - +0 shield
rNeg     . . .     Faith    .   b - +0 scale mail
rPois    .         Spirit   .   (helmet restricted)
rElec    .         Reflect  .   (no cloak)
rCorr    .         Harm     .   (no gloves)
MR       .....     NoTele   +   (no boots)
Stlth    ..........             (no amulet)
HPRegen  0.15/turn              (no ring)
MPRegen  0.08/turn              (no ring)

@: no status effects
A: retaliatory headbutt, horns 2
a: no special abilities


You were in the Dungeon.
You were not hungry.

You visited 1 branch You collected 24 gold pieces.

Inventory:

Hand Weapons
 a - a +0 long sword (weapon)
Armour
 b - a +0 scale mail (worn)
 c - a +0 shield (worn)
Scrolls
 k - a scroll of blinking
 l - a scroll of holy word {unknown}
 m - 3 scrolls of identify
 n - 3 scrolls of remove curse
 p - a scroll of torment {unknown}
Potions
 d - a potion of might
 e - 2 potions of curing
 g - a potion of heal wounds
 h - a potion of haste
 i - 2 potions of magic
 j - a potion of berserk rage
 o - 4 potions of flight
Comestibles
 f - 4 rations


   Skills:
 + Level 6.6 Fighting
 + Level 6.0 Long Blades
 + Level 6.5 Armour
 + Level 6.6 Shields


You had 3 spell levels left.
You didn't know any spells.
Your spell library was empty.

Dungeon Overview and Level Annotations

Branches:
Dungeon (1/1)

Altars:
Kikubaaqudgha
Sif Muna
Vehumet


Innate Abilities, Weirdness & Mutations

You reflexively headbutt those who attack you in melee.
You have a pair of horns on your head.


Message History

The wizard is almost dead.
You block the wizard's attack.
You barely miss the wizard.
The wizard is almost dead.
The wizard hits you but does no damage.
The kobold demonologist mumbles some strange words.
You miss the wizard.
The wizard is almost dead.
You block the wizard's attack. The sun demon hits you!!
You are engulfed in flames!
* * * LOW HITPOINT WARNING * * *
The kobold demonologist mumbles some strange words.
You slash the wizard!
You kill the wizard!
Your Long Blades skill increases to level 6!
You block the sun demon's attack.
The kobold demonologist gestures wildly while chanting.
You closely miss the neqoxec. Your headbutt misses the neqoxec.
The sun demon hits you!
You die...

.#...#### ##.#
.#..÷...#####..#
##.......#!!#..#
.##.##...#..#..###+#+###+
.##.###..##'#..#.........
####.##..###...'.⌠.......
##..##..####...#...######
....##..###....#.⌠.#
#÷.##...##.....#@3.#
..##....#......#3###
.###..##.#.....#K3 .#
#..#####....#___ ▓▓ ▓▓▓▓
▓▓▓▓▓▓▓▓▓▓


You could see a sun demon, a kobold demonologist, a smoke demon and a neqoxec.

Vanquished Creatures
  A water elemental (D)
  A wizard (D)
  A human (D)
  An ooze (D)
  A phantom (D)
  3 rats (D)
8 creatures vanquished.

Vanquished Creatures (others)
  2 draconian scorchers (D)
  2 yaktaurs (D)
  6 hellions (D)
  3 plants (D)
13 creatures vanquished.

Grand Total: 21 creatures vanquished

Notes
Turn   | Place    | Note
-------+----------+-------------------------------------------
     0 | D        | MartialLaw the Minotaur Fighter began the quest for the
                  | Orb.
     0 | D        | Reached XP level 1. HP: 19/19 MP: 0/0
    76 | D        | Reached skill level 5 in Fighting
    76 | D        | Reached skill level 5 in Armour
    76 | D        | Reached skill level 5 in Shields
    76 | D        | Reached XP level 2. HP: 11/29 MP: 1/1
    84 | D        | Reached XP level 3. HP: 6/36 MP: 2/2
    91 | D        | Killed a hellion
    93 | D        | Killed a hellion
    94 | D        | Killed a hellion
    94 | D        | Killed a hellion
    94 | D        | Killed a hellion
    95 | D        | Killed a hellion
   192 | D        | Killed a white draconian scorcher
   223 | D        | Killed a yaktaur
   236 | D        | Killed a white draconian scorcher
   240 | D        | Killed a yaktaur
   362 | D        | Noticed a water elemental
   369 | D        | Killed a water elemental
   369 | D        | Reached skill level 5 in Long Blades
   369 | D        | Reached XP level 4. HP: 2/44 MP: 3/3
   651 | D        | Found a radiant altar of Vehumet.
   651 | D        | Found a deep blue altar of Sif Muna.
   651 | D        | Found an ancient bone altar of Kikubaaqudgha.
   651 | D        | Noticed a wizard
   657 | D        | Noticed a sun demon
   658 | D        | Noticed a smoke demon
   658 | D        | Killed a wizard
   659 | D        | Noticed a neqoxec
   659 | D        | Slain by a sun demon

Skill      XL: |  1  2  3  4 |
---------------+-------------+-----
Fighting       | 5 6 |  6.6
Long Blades    | 4 5 6 |  6.0
Armour         | 5 6 |  6.5
Shields        | 5 6 |  6.6

Action                   |  1- 3 |  4- 6 || total
-------------------------+-------+-------++-------
Melee: Long sword        |    36 |     8 ||    44
       Headbutt          |     3 |     1 ||     4
Armor: Scale mail        |    12 |     1 ||    13
Dodge: Dodged            |     7 |       ||     7
Block: Shield            |    15 |     6 ||    21
       Rpst.: Long sword |     4 |       ||     4
